Map: Fields of Death

Players

MattBarry - Winner!

  • Race: Protoss Protoss
  • League: Gold
  • Spawn Location: 12:00

MattBarry - Winner!

  • Race: Zerg Zerg
  • League: Gold
  • Spawn Location: 12:00

Viking

  • Race: Terran Terran
  • Spawn Location: 7:00

Glacius

  • Race: Protoss Protoss
  • League: Diamond
  • Spawn Location: 6:00

VOD

Have the link to the VOD?

Description

Time

  • Played on: Jan. 21, 2023, 4:29 a.m.
  • Length: 18:58
Show
View Real Time Build Order
Export as new Build Order

MattBarry Protoss - Winner!

Build Orders: 1 Gate Expand 

Get SALT Encoding   

  12  0:00  Probe  
  13  0:12  Probe  
  14  0:18  Pylon  
  14  0:24  Probe  
  15  0:37  Probe (Chrono Boost)  
  15  0:39  Gateway  
  16  0:49  Probe (Chrono Boost)  
  17  0:50  Assimilator  
  17  0:54  Probe (Chrono Boost)  
  18  1:03  Probe  
  19  1:15  Probe  
  20  1:27  Probe  
  20  1:30  Nexus  
  21  1:39  Probe  
  22  1:41  Pylon  
  22  1:51  Cybernetics Core  
  22  1:52  Probe  
  23  2:07  Probe  
  24  2:17  Assimilator  
  24  2:19  Probe  
  25  2:24  Gateway  
  25  2:27  Adept, Warp Gate  
  27  2:31  Probe  
  27  2:32  Pylon  
  28  2:43  Probe x2  
  30  2:51  Gateway  
  30  2:55  Probe x2  
  32  3:00  Adept  
  34  3:07  Probe  
  34  3:08  Probe  
  36  3:13  Forge  
  37  3:20  Probe x2  
  37  3:23  Stalker  
  40  3:32  Probe x2  
  42  3:35  Robotics Facility  
  42  3:39  Stalker  
  44  3:45  Sentry, Probe x2  
  48  3:49  Protoss Ground Weapons Level 1 (Chrono Boost)  
  48  3:57  Probe x2  
  48  4:00  Pylon  
  50  4:03  Pylon  
  50  4:09  Probe x2  
  52  4:20  Pylon  
  52  4:22  Probe x2  
  52  4:23  Stalker  
  52  4:24  Stalker x2  
  58  4:31  Observer (Chrono Boost)  
  61  4:33  Assimilator  
  61  4:38  Assimilator  
  61  4:41  Probe x2  
  63  4:49  Pylon, Stalker x3  
  69  4:59  Probe x2  
  71  5:04  Warp Prism  
  73  5:09  Gateway  
  73  5:10  Gateway  
  73  5:40  Observer, Photon Cannon  
  74  5:43  Photon Cannon  
  64  6:07  Stalker x5  
  75  6:11  Observer  
  75  6:15  Protoss Ground Armor Level 1 (Chrono Boost)  
  75  6:36  Stalker x5  
  85  6:42  Twilight Council  
  85  6:44  Photon Cannon  
  85  6:52  Photon Cannon  
  85  6:58  Probe  
  86  7:18  Probe x2  
  86  7:49  Pylon  
  86  7:50  Pylon  
  86  7:52  Pylon  
  86  7:53  Pylon  
  86  7:54  Blink (Chrono Boost)  
  86  7:55  Pylon  
  86  8:07  Probe  
  87  8:16  Stalker x5  
  97  8:29  Nexus  
  97  8:31  Pylon  
  97  8:32  Pylon  
  97  8:36  Pylon  
  97  8:50  Stalker x5  
  107  8:56  Protoss Ground Weapons Level 2 (Chrono Boost)  
  107  8:57  Immortal  
  111  9:03  Robotics Bay  
  111  9:04  Pylon  
  110  9:21  Stalker x5  
  112  9:56  Stalker x4  
  112  9:57  Stalker  
  122  10:05  Charge  
  122  10:10  Disruptor  
  121  10:22  Assimilator  
  121  10:26  Assimilator  
  121  10:32  Pylon, Stalker x4  
  121  10:33  Stalker  
  121  10:35  Photon Cannon  
  131  10:46  Disruptor  
  134  10:50  Probe x3  
  137  11:02  Probe x3  
  136  11:22  Disruptor  
  111  11:48  Stalker  
  111  11:49  Stalker x4  
  111  11:52  Assimilator  
  121  11:54  Probe x3  
  124  12:08  Nexus  
  124  12:10  Pylon  
  124  12:13  Pylon x2  
  124  12:22  Stalker x3  
  128  12:23  Stalker x2  
  134  12:51  Stalker x3  
  134  12:52  Stalker x2  
  102  13:16  Stalker x5  
  112  13:28  Photon Cannon  
  112  13:30  Photon Cannon  
  112  13:34  Assimilator  
  112  13:39  Assimilator  
  112  13:42  Disruptor  
  115  13:49  Protoss Ground Weapons Level 3 (Chrono Boost)  
  115  13:50  Probe x3  
  118  14:04  Stalker  
  118  14:05  Stalker x4  
  118  14:07  Nexus  
  118  14:08  Pylon  
  128  14:10  Pylon  
  128  14:16  Probe  
  129  14:17  Disruptor  
  132  14:35  Gateway  
  132  14:36  Gateway  
  132  14:37  Gateway  
  132  14:52  Stalker x5  
  136  15:28  Stalker x3  
  136  15:29  Stalker x2  
  136  15:31  Disruptor  
  149  15:46  Assimilator, Probe x3  
  149  15:47  Probe  
  153  15:50  Assimilator, Probe  
  153  15:54  Stalker x4  
  153  15:55  Stalker x3  
  153  15:56  Stalker  
  170  15:58  Probe  
  171  16:06  Disruptor  
  174  16:42  Disruptor  
  175  17:12  Stalker  
  175  17:13  Stalker x6  
  175  17:14  Stalker  
  111  18:21  Stalker x3  
  111  18:22  Stalker x5  
  116  18:39  Gateway  
  116  18:41  Gateway  
  116  18:43  Gateway  
  116  18:45  Gateway, Zealot x6  
  116  18:46  Gateway, Zealot x2  
  132  18:48  Gateway  
Show
View Real Time Build Order
Export as new Build Order

MattBarry Zerg - Winner!

Build Orders: Hatch First 

Get SALT Encoding   

  12  0:00  Drone  
  13  0:08  Drone  
  14  0:17  Overlord  
  14  0:23  Extractor  
  14  0:25  Drone  
  15  0:51  Drone  
  15  0:54  Hatchery  
  15  1:04  Spawning Pool  
  15  1:08  Drone  
  15  1:14  Drone  
  15  1:16  Drone  
  17  1:18  Extractor  
  16  1:27  Drone  
  17  1:34  Drone  
  18  1:51  Zergling x4  
  18  1:52  Queen  
  22  2:04  Overlord  
  22  2:08  Zergling x2  
  22  2:09  Extractor  
  22  2:12  Queen  
  25  2:17  Overlord  
  25  2:19  Drone  
  26  2:23  Drone  
  27  2:30  Metabolic Boost  
  27  2:38  Drone  
  27  2:43  Drone  
  29  2:49  Drone x3  
  32  2:54  Queen  
  32  2:57  Drone  
  35  3:18  Drone  
  35  3:19  Drone x2  
  38  3:32  Lair  
  38  3:36  Drone x4  
  38  3:38  Drone, Extractor  
  38  3:39  Queen  
  44  3:59  Hatchery  
  44  4:01  Evolution Chamber  
  44  4:02  Drone x2  
  44  4:04  Overlord x2  
  44  4:20  Spine Crawler  
  44  4:24  Zergling x6  
  44  4:25  Zergling x2  
  47  4:32  Nydus Network  
  46  4:42  Zergling x4  
  46  4:43  Zergling x4  
  46  4:44  Zergling x2  
  51  4:46  Zerg Melee Weapons Level 1  
  51  4:48  Zergling x8  
  51  4:51  Zergling x8  
  59  5:05  Overlord x2  
  59  5:10  Queen  
  61  5:30  Nydus Canal  
  57  5:40  Spore Crawler, Overseer  
  49  5:57  Zergling x18  
  48  6:34  Overlord  
  48  6:35  Overlord  
  48  6:42  Drone x4  
  50  7:37  Zergling x2  
  50  7:38  Zergling x8  
  50  7:39  Zergling x18  
  64  7:45  Nydus Canal  
  64  8:01  Nydus Canal  
  64  8:08  Drone x4  
  68  8:15  Drone x2  
  68  8:16  Drone  
  46  8:48  Hatchery  
  43  9:02  Baneling Nest  
  41  9:03  Overseer  
  41  9:04  Overseer  
  41  9:06  Zerg Ground Armor Level 1  
  41  9:08  Hatchery, Drone x2  
  42  9:14  Drone  
  40  9:27  Queen  
  42  9:46  Centrifugal Hooks  
  42  9:48  Zergling x16  
  50  10:03  Zergling x4  
  52  10:09  Baneling x16  
  52  10:20  Roach Warren  
  51  10:21  Spire  
  51  10:27  Infestation Pit  
  49  10:40  Queen  
  49  10:42  Queen  
  53  10:44  Drone x7  
  60  10:52  Spore Crawler  
  60  10:54  Spore Crawler  
  58  11:03  Roach x2  
  62  11:23  Zergling x16  
  60  11:35  Zergling x10  
  65  11:40  Drone x3  
  65  11:43  Drone  
  69  11:49  Drone  
  69  11:50  Drone x2  
  72  12:04  Drone x2, Overlord  
  72  12:05  Overlord  
  74  12:19  Overlord x3  
  74  12:23  Drone x4  
  75  12:50  Drone x3  
  78  12:53  Infestor x2  
  78  12:54  Roach x4  
  87  13:10  Zergling x4  
  87  13:11  Zergling x10  
  83  13:24  Hatchery  
  82  13:33  Extractor  
  81  13:34  Extractor  
  81  13:41  Extractor  
  79  13:42  Extractor  
  79  13:48  Mutalisk  
  78  13:50  Mutalisk x4  
  88  14:06  Mutalisk x6  
  88  14:08  Drone  
  88  14:09  Zergling x6, Drone  
  106  14:10  Zergling x2  
  106  14:12  Overlord x3  
  106  14:18  Zerg Flyer Weapons Level 1  
  106  14:20  Hive  
  106  14:27  Zerg Missile Weapons Level 1  
  106  14:38  Burrow  
  106  14:50  Mutalisk x2  
  106  14:51  Corruptor  
  110  15:22  Corruptor x2  
  110  15:23  Corruptor x3  
  120  15:34  Adrenal Glands  
  120  15:35  Zergling x2  
  120  15:36  Zergling x30  
  120  15:39  Overlord  
  120  15:40  Overlord  
  136  15:56  Queen  
  133  16:20  Mutalisk x4  
  133  16:21  Mutalisk x4  
  146  16:45  Greater Spire  
  146  17:18  Corruptor x2  
  146  17:20  Overlord x3  
  150  17:36  Queen  
  132  17:45  Corruptor  
  132  17:46  Corruptor x4  
  135  17:57  Brood Lord x4  
Show
View Real Time Build Order
Export as new Build Order

Viking Terran 

Build Orders:  

Get SALT Encoding   

  12  0:01  SCV  
  13  0:13  SCV  
  14  0:20  Supply Depot  
  14  0:26  SCV  
  15  0:41  SCV  
  16  0:49  Barracks  
  16  0:56  Refinery  
  16  1:02  SCV  
  17  1:07  Supply Depot  
  17  1:15  SCV  
  18  1:38  Marine  
  19  1:41  Orbital Command  
  19  1:55  Command Center  
  19  2:03  Barracks Reactor  
  19  2:10  SCV  
  20  2:26  Barracks  
  20  2:29  SCV  
  21  2:34  Barracks, Refinery  
  21  2:42  Engineering Bay  
  21  2:43  SCV  
  22  2:48  Marine  
  23  2:57  Marine  
  24  3:06  Marine  
  24  3:09  SCV  
  24  3:11  Orbital Command  
  26  3:17  Barracks Tech Lab  
  26  3:21  Barracks Tech Lab  
  26  3:34  Marine  
  27  3:35  Factory  
  27  3:41  SCV x2  
  28  3:47  Marine  
  28  3:48  Marine  
  30  3:50  Marine  
  30  3:53  SCV  
  33  3:56  Stimpack  
  33  4:03  Combat Shield  
  33  4:06  Marine  
  33  4:07  Marine  
  33  4:09  Marine  
  37  4:17  SCV x2  
  37  4:22  Marine  
  39  4:25  Factory Tech Lab  
  39  4:32  Starport  
  39  4:42  Barracks, Terran Infantry Weapons Level 1  
  39  4:44  Barracks  
  39  4:50  SCV x2  
  41  4:57  Siege Tank  
  44  5:02  SCV  
  44  5:04  SCV  
  46  5:21  Supply Depot  
  46  5:22  Supply Depot  
  46  5:26  Supply Depot  
  46  5:31  Refinery  
  46  5:32  Refinery  
  46  5:36  Starport Reactor  
  46  5:42  Marine x3, SCV x2, Siege Tank  
  54  5:54  SCV  
  33  6:24  Marine x3  
  33  6:25  Marine x3  
  39  6:37  Terran Infantry Armor Level 1  
  39  6:39  SCV x2  
  41  6:42  Marine x4  
  41  6:43  Marine x2  
  47  6:48  Siege Tank  
  47  6:51  SCV  
  49  7:00  Marine x5  
  54  7:13  Marauder  
  56  7:18  Marine  
  56  7:19  Marauder  
  56  7:22  Siege Tank  
  61  7:25  Medivac  
  63  7:32  Medivac  
  65  7:39  Marine  
  65  7:40  Marine x2  
  65  7:41  Marine  
  69  7:56  SCV  
  70  8:22  Supply Depot  
  70  8:23  Supply Depot  
  70  8:25  Supply Depot  
  70  8:28  SCV x2  
  67  8:40  SCV x2  
  69  8:41  Marine  
  69  8:43  Marine x5  
  69  8:46  Supply Depot  
  75  8:52  SCV x2  
  77  8:59  Marine  
  77  9:01  Marine x2  
  80  9:04  SCV  
  80  9:05  SCV  
  82  9:27  Marine  
  82  9:28  Marine x4  
  82  9:29  Marine  
  88  9:34  SCV  
  88  9:35  SCV  
  90  9:45  Marine x2  
  90  9:46  Marine x2  
  90  9:47  Marauder  
  96  9:55  Marauder  
  98  10:03  Marine x2, SCV x2  
  102  10:15  SCV  
  102  10:17  SCV  
  104  10:27  SCV  
  105  10:29  SCV  
  105  10:31  Marauder  
  105  10:32  Marauder  
  110  11:05  Marine, SCV  
  110  11:10  SCV  
  110  11:12  Marine  
  110  11:20  Marine x2  
  110  11:21  Marauder x2  
  98  11:30  Marine  
  71  11:35  Marine  
  71  11:38  Marine  
  59  11:42  Marauder x2  
  55  11:47  Siege Tank  
  58  12:03  Barracks  
  58  12:04  Barracks, Marauder x2  
  62  12:09  SCV x2  
  64  12:19  Siege Tank  
  64  12:21  SCV x2  
  69  12:23  Medivac  
  69  12:24  Medivac  
  69  12:25  Marauder x2  
  77  12:38  Marine x3  
  77  12:39  Marine  
  81  12:46  SCV x2  
  81  12:47  Marauder x2  
  81  12:50  Marine  
  88  12:51  Siege Tank  
  88  12:55  Marine  
  88  12:56  Marine  
  88  12:58  SCV  
  67  13:08  Marauder x2  
  67  13:09  Marine  
  67  13:10  Marine  
  67  13:11  Marine  
  73  13:13  Marine  
  73  13:14  Marine  
  73  13:16  SCV  
  75  13:28  Barracks Tech Lab  
  75  13:29  Marauder x2  
  75  13:31  Barracks Tech Lab  
  79  13:39  Marine x2  
  79  13:40  Marine x2  
  83  13:42  Medivac  
  83  13:43  Medivac  
  87  13:49  Siege Tank  
  87  13:51  Marauder x2  
  94  13:57  Marine x2  
  96  14:12  Marauder x2  
  96  14:14  Marauder x2  
  96  14:15  Medivac  
  106  14:17  Marine  
  106  14:19  SCV  
  106  14:23  SCV  
  109  14:27  Command Center  
  109  14:31  SCV  
  110  14:39  Supply Depot  
  110  14:40  Supply Depot  
  110  14:41  Supply Depot  
  110  15:01  SCV x2, Marauder x2  
  115  15:13  SCV x2  
  105  15:22  Marine x5, Marauder x2  
  105  15:23  Marine  
  115  15:31  SCV  
  116  15:40  Marine x6  
  122  15:43  Marine x2  
  124  15:57  Marine  
  124  15:58  Marine x5, Viking  
  124  16:01  Marine x2  
  134  16:07  SCV  
  134  16:08  SCV  
  137  16:13  Orbital Command  
  137  16:15  Marine x2  
  137  16:16  Marine x3  
  141  16:46  Viking x2  
  145  16:59  SCV  
  145  17:00  Marine, SCV x2  
  149  17:12  Marine x3, SCV  
  149  17:13  Concussive Shells  
  149  17:14  Marine, SCV  
  149  17:15  Marine  
  148  17:16  Marauder  
  148  17:17  Viking, Marauder  
  148  17:18  Viking  
  143  17:30  SCV x3  
  143  17:31  Marauder  
  147  17:42  SCV x2  
  149  17:52  Engineering Bay  
  149  17:57  Engineering Bay  
  149  18:01  Viking x2  
  85  18:26  Marine x2, Marauder x4  
  85  18:27  Marine x2  
Show
View Real Time Build Order
Export as new Build Order

Glacius Protoss 

Build Orders: 1 Gate Expand, Archon Immortal, Dark Templar Rush 

Get SALT Encoding   

  12  0:00  Probe  
  13  0:12  Probe  
  14  0:18  Pylon  
  14  0:25  Probe  
  15  0:37  Probe (Chrono Boost)  
  15  0:38  Gateway  
  16  0:49  Assimilator, Probe (Chrono Boost)  
  17  0:56  Probe (Chrono Boost)  
  18  1:03  Probe  
  19  1:15  Probe  
  20  1:30  Nexus  
  20  1:41  Cybernetics Core  
  20  1:43  Probe  
  20  1:45  Pylon  
  21  1:50  Assimilator  
  21  1:56  Probe  
  22  2:17  Warp Gate  
  22  2:25  Twilight Council, Probe  
  23  2:34  Stalker  
  25  2:40  Probe (Chrono Boost)  
  25  2:42  Probe (Chrono Boost)  
  29  2:52  Probe (Chrono Boost)  
  29  2:53  Probe (Chrono Boost)  
  29  2:59  Pylon  
  29  3:03  Dark Shrine  
  29  3:19  Probe x2  
  31  3:25  Robotics Facility  
  31  3:28  Gateway  
  31  3:29  Gateway  
  31  3:31  Probe x2  
  31  3:32  Gateway  
  33  3:37  Pylon  
  33  3:43  Probe x2  
  33  3:47  Pylon  
  35  3:52  Assimilator  
  35  3:55  Probe x2  
  36  4:13  Assimilator  
  36  4:15  Probe x2  
  38  4:24  Warp Prism (Chrono Boost)  
  38  4:27  Probe x2  
  42  4:33  Dark Templar x2  
  46  4:39  Probe x2  
  46  4:45  Dark Templar x2  
  52  4:59  Probe x2  
  54  5:04  Charge (Chrono Boost)  
  54  5:11  Probe x2  
  54  5:12  Immortal  
  60  5:50  Dark Templar x3  
  60  5:51  Dark Templar  
  66  6:17  Probe x2  
  68  6:29  Probe  
  67  6:36  Probe  
  68  6:41  Probe  
  68  6:43  Pylon x2  
  68  6:45  Pylon  
  69  6:58  Nexus  
  69  7:01  Immortal  
  72  7:08  Dark Templar x4  
  80  7:47  Probe x2  
  80  7:50  Immortal  
  86  8:01  Gateway  
  86  8:02  Gateway  
  86  8:04  Gateway  
  86  8:06  Gateway  
  86  8:09  Gateway  
  86  8:12  Probe x2  
  88  8:13  Gateway  
  88  8:16  Gateway  
  88  8:19  Gateway  
  88  8:21  Stalker x2  
  88  8:22  Dark Templar  
  88  8:23  Pylon x2  
  88  8:26  Pylon  
  94  8:28  Pylon  
  94  8:29  Observer  
  94  8:32  Dark Templar  
  88  8:44  Dark Templar x2  
  77  8:51  Observer  
  68  8:57  Probe (Chrono Boost)  
  68  9:02  Probe (Chrono Boost)  
  63  9:07  Probe (Chrono Boost)  
  63  9:10  Probe (Chrono Boost)  
  63  9:11  Probe (Chrono Boost)  
  63  9:13  Dark Templar x2  
  63  9:14  Dark Templar x3  
  73  9:21  Probe  
  66  9:24  Probe (Chrono Boost)  
  61  9:34  Probe (Chrono Boost)  
  61  9:36  Probe (Chrono Boost)  
  59  9:43  Probe x2 (Chrono Boost)  
  61  9:47  Probe (Chrono Boost)  
  61  9:50  Probe  
  61  9:51  Archon  
  61  9:52  Archon  
  63  9:58  Immortal  
  63  9:59  Probe  
  68  10:03  Probe  
  69  10:09  Robotics Bay  
  69  10:11  Probe  
  70  10:15  Probe  
  70  10:18  Robotics Facility  
  71  10:21  Gateway  
  71  10:23  Gateway  
  71  10:25  Gateway  
  71  10:27  Gateway  
  71  10:28  Pylon  
  71  10:29  Pylon  
  71  10:30  Probe  
  72  10:45  Dark Templar x2  
  72  10:46  Nexus  
  72  10:49  Archon  
  76  10:59  Probe  
  76  11:00  Probe  
  76  11:01  Extended Thermal Lance  
  76  11:04  Disruptor  
  80  11:19  Warp Prism (Chrono Boost)  
  82  11:36  Robotics Facility  
  82  11:38  Pylon  
  82  11:39  Pylon  
  82  11:41  Disruptor (Chrono Boost), Pylon  
  85  11:52  Disruptor (Chrono Boost)  
  88  11:57  Forge  
  88  11:59  Forge  
  88  12:02  Probe x2  
  88  12:04  Probe  
  91  12:09  Pylon  
  91  12:14  Probe x2  
  93  12:21  Archon  
  93  12:23  Archon  
  93  12:28  Probe x3  
  96  12:31  Disruptor x2  
  96  12:36  Protoss Ground Weapons Level 1 (Chrono Boost)  
  102  12:39  Protoss Ground Armor Level 1 (Chrono Boost)  
  69  13:16  Zealot x7  
  69  13:17  Zealot x3  
  89  13:27  Probe x3  
  89  13:32  Zealot x2  
  96  13:39  Probe x3  
  99  13:44  Assimilator  
  99  13:47  Assimilator  
  99  13:51  Probe x2  
  101  14:08  Probe x3  
  104  14:20  Probe x3  
  107  14:32  Probe x2  
  107  14:35  Disruptor  
  112  14:42  Nexus  
  112  14:43  Pylon  
  112  14:47  Protoss Ground Weapons Level 2 (Chrono Boost), Pylon  
  112  14:52  Protoss Ground Armor Level 2 (Chrono Boost)  
  92  15:17  Dark Templar x8  
  92  15:18  Dark Templar  
  106  15:22  Archon x3  
  106  15:23  Archon  
  100  15:41  Observer x2  
  102  15:57  Immortal  
  106  16:02  Immortal  
  106  16:03  Immortal  
  114  16:14  Dark Templar x4  
  114  16:15  Dark Templar  
  114  16:16  Dark Templar  
  126  16:19  Archon x2  
  126  16:20  Archon  
  124  16:35  Probe x2  
  124  16:36  Probe  
  120  16:47  Probe  
  120  16:48  Probe x2  
  120  16:53  Immortal x2  
  115  17:26  Zealot x8  
  115  17:27  Zealot x2  
Tags
 
Add a new tag
Caveats
  • Supply blocks, unpowered buildings, or Contaminate may cause inaccurate times.
  • Supply counts are checked every 10 seconds.